 Dungeon Crawl Stone Soup version 0.23-a0-644-gb60d84b (webtiles) character file.

193 Borgoz the Skirmisher (level 5, -1/47 HPs)
             Began as a Ghoul Abyssal Knight on Jan 1, 2019.
             Was a Believer of Lugonu.
             Slain by a river rat (9 damage)
             ... in a sewer.
             The game lasted 00:05:57 (2379 turns).

Borgoz the Skirmisher (Ghoul Abyssal Knight)        Turns: 2379, Time: 00:05:58

Health: -1/47      AC:  3    Str: 16    XL:     5   Next: 72%
Magic:  5/5        EV: 12    Int:  7    God:    Lugonu [**....]
Gold:   200        SH:  0    Dex:  9    Spells: 4/4 levels left

rFire    . . .     SeeInvis .   a - +2 hand axe
rCold    + . .     Gourm    .   (no shield)
rNeg     + + +     Faith    .   b - +0 leather armour
rPois    ∞         Spirit   .   (no helmet)
rElec    .         Reflect  .   (no cloak)
rCorr    .         Harm     .   (no gloves)
MR       .....                  (no boots)
Stlth    +.........             (no amulet)
HPRegen  0.00/turn              (no ring)
MPRegen  0.09/turn              (no ring)

@: rotting, very slow
A: rotting body, claws 1, carnivore, cold resistance 1, negative energy
resistance 3, inhibited regeneration, torment resistance, unbreathing
a: Depart the Abyss, Bend Space, Renounce Religion


You were in a sewer.
You worshipped Lugonu.
Lugonu was pleased with you.
You were not hungry.

You visited 1 branch of the dungeon, and saw 4 of its levels.
You visited the Abyss 1 time.
You also visited: Sewer.

You collected 200 gold pieces.

Inventory:

Hand Weapons
 a - a +2 hand axe (weapon)
 k - a +0 hand axe
Armour
 b - a +0 leather armour (worn)
 i - a +2 cloak
 l - a +0 pair of boots
Jewellery
 f - a cursed amulet of inaccuracy {unknown}
Wands
 h - a wand of polymorph (7)
Scrolls
 d - a scroll of remove curse
Potions
 g - a potion of lignification
Comestibles
 c - 4 rations


   Skills:
 + Level 4.6 Fighting
 + Level 3.4 Axes
 + Level 2.4 Armour
 + Level 2.0 Dodging
 + Level 2.2 Invocations


You had 4 spell levels left.
You didn't know any spells.
Your spell library was empty.

Dungeon Overview and Level Annotations

Branches:
Dungeon (4/15)
 Temple: D:4-7

Altars:
Ashenzari
Okawaru
Qazlal


Innate Abilities, Weirdness & Mutations

Your body is rotting away.
You thrive on raw meat.
You are immune to poison.
You have sharp fingernails.
You are carnivorous and can eat meat at any time.
Your flesh is cold resistant. (rC+)
You are immune to negative energy. (rN+++)
You do not regenerate when monsters are visible.
You are immune to unholy pain and torment.
You can survive without breathing.


Message History

The river rat bites you but does no damage.
Your unstable footing causes you to fumble your attack.
The river rat barely misses you.
The river rat bites you but does no damage.
You hit the river rat.
You kill the river rat!
Lugonu accepts your kill.
Your Dodging skill increases to level 2!
You barely miss the river rat. The river rat barely misses you.
Your unstable footing causes you to fumble your attack.
The river rat bites you but does no damage.
The rat bites you.
* * * LOW HITPOINT WARNING * * *
The river rat bites you.
* * * LOW HITPOINT WARNING * * *
Eat a chunk of flesh? (ye/n/q)
You eat the chunk of flesh.
This raw flesh tastes great!
The rat twitches its whiskers.
The rat bites you but does no damage. The river rat bites you!
You die...

.∩∩..#
##.....
.....#
......
≈..≈.#
##≈r.r##
≈≈≈≈≈#
#≈≈r≈≈≈#
≈≈≈≈≈#
#≈≈r≈≈≈#
≈≈≈≈≈#
#≈≈r≈≈≈#
≈≈≈≈≈#
#≈≈≈r≈≈#
≈≈≈≈≈#
#≈≈≈r#r#
≈#≈≈≈#
#≈≈≈#@≈#
≈≈≈≈≈#
#≈≈≈≈≈≈#
.≈≈≈≈#
#≈≈≈≈≈≈#
≈≈≈≈≈#
#≈≈≈≈≈.#
≈≈≈.≈#
#≈≈≈≈≈≈#
≈≈≈≈≈#
#≈≈≈≈≈≈#
≈≈≈≈≈#
#≈≈≈≈≈≈#
≈≈≈≈≈#
#≈≈≈≈≈≈#
≈≈÷≈≈#
#≈≈≈≈≈≈#


You could see a river rat and 6 rats.

Vanquished Creatures
  2 orc wizards (D:3)
  An iguana (D:3)
  3 adders
  A river rat (Sewer)
  3 leopard geckos
  12 orcs
  A ball python (Sewer)
  5 bats
  8 giant cockroaches
  7 goblins
  4 hobgoblins
  2 kobolds
  A quokka (D:3)
  2 frilled lizards
  12 rats
64 creatures vanquished.

Notes
Turn   | Place    | Note
-------+----------+-------------------------------------------
     0 | Abyss:1  | Borgoz the Ghoul Abyssal Knight began the quest for the
                  | Orb.
     0 | Abyss:1  | Reached XP level 1. HP: 19/19 MP: 1/1
     4 | Abyss:1  | Found a corrupted altar of Lugonu.
    89 | Abyss:3  | Noticed a wretched star
    93 | D:1      | Escaped the Abyss
   266 | D:1      | Reached skill level 1 in Dodging
   291 | D:1      | Reached * piety under Lugonu
   304 | D:1      | Reached XP level 2. HP: 25/27 MP: 2/2
   768 | D:2      | Found a faded altar of an unknown god.
  1258 | D:2      | Reached XP level 3. HP: 32/33 MP: 3/3
  1320 | D:2      | Found a shattered altar of Ashenzari.
  1588 | D:3      | Found a stormy altar of Qazlal.
  1611 | D:3      | Reached skill level 4 in Fighting
  1686 | D:3      | Reached XP level 4. HP: 11/40 MP: 4/4
  1913 | D:3      | Found an iron altar of Okawaru.
  2158 | D:3      | Reached XP level 5. HP: 16/47 MP: 5/5
  2214 | D:4      | Reached ** piety under Lugonu
  2254 | D:4      | Found a glowing drain.
  2263 | Sewer    | Entered a sewer
  2378 | Sewer    | HP: 1/47 [river rat (6)]
  2379 | Sewer    | Slain by a river rat

Vault maps used:
D:1:      nzn_arrival_settlement, grunt_decor_cap, kennysheep_decorative_pillar
D:2:      ashenzari_conservatory_becter, chequers_ecumenical_altar_island
D:3:      marbit_many_paths, first_ration, grunt_qazlal_sundering
D:4:      ebering_ghost_sewer_f, portal_sewer_entry_f,
          nicolae_dithmenos_the_darkroom, uniq_robin
Abyss:2:  lemuel_flamethrower_3
Abyss:3:  hangedman_abyss_sting
Sewer:    sewer_minmay_w

Skill      XL: |  1  2  3  4  5 |
---------------+----------------+-----
Dodging        | 1 2 |  2.0
Axes           | 2 3 |  3.4
Fighting       | 4 |  4.6
Armour         | 2 |  2.4
Invocations    | |  2.2

Action                   |  1- 3 |  4- 6 || total
-------------------------+-------+-------++-------
Melee: War axe           |    19 |       ||    19
       Hand axe          |    69 |   139 ||   208
Invok: Depart the Abyss  |     1 |       ||     1
  Use: Scroll            |     4 |     3 ||     7
       Potion            |       |     3 ||     3
  Eat: Chunk             |     5 |    31 ||    36
Armor: Leather armour    |    29 |    45 ||    74
Dodge: Dodged            |    58 |   106 ||   164

Table legend:
 A = Non-vault XP
 B = Vault XP
 C = Vault XP percentage of total XP
 D = Non-vault monster count
 E = Vault monster count
 F = Vault count percentage of total count
                 A         B        C        D         E       F
            +---------+---------+-------+---------+---------+-------
      Total |     246 |      31 |  11.2 |      51 |      13 |  20.3
            +---------+---------+-------+---------+---------+-------
        D:1 |      19 |       0 |   0.0 |      12 |       0 |   0.0
        D:2 |      18 |       0 |   0.0 |      10 |       0 |   0.0
        D:3 |     166 |       2 |   1.2 |      18 |       1 |   5.3
        D:4 |      43 |       7 |  14.0 |      11 |       3 |  21.4
      Sewer |       0 |      22 | 100.0 |       0 |       9 | 100.0
            +---------+---------+-------+---------+---------+-------
